AoeStats
← Mirza

Arena

504665794Analyzed
4v4 RM · 27d ago on Sep 6, 2026· 56m 11s· 8 players
Game mode
Random Map
Map size
Large (8 player)
Population
200
Speed
Normal
Resources
Standard
Victory
Conquest
Starting age
Dark Age
Ending age
Imperial Age
RankedLock teamsTeams togetherTeam positionsShared explorationLock speedFull tech treeHidden civsTurbo modeCheats
Victory
Defeat
🇺🇸 Persians · United States
820
+14
810
+14
🇦🇷 Cumans · Argentina
805
+14
🇨🇦 Chinese · Canada
734
+17
🇺🇸 Slavs · United States
787
-32
🇨🇴 Magyars · Colombia
777
-15
🇺🇸 Spanish · United States
770
-15
🇲🇽 Lithuanians · Mexico
729
-13
DaveyJones
0:31 Loom
11:27 Feudal Age
12:13 Horse Collar
12:27 Double-Bit Axe
13:35 Wheelbarrow
21:11 Castle Age
19:32 Stone Mining
19:39 Gold Mining
23:01 Bow Saw
22:55 Heavy Plow
23:10 Scale Mail Armor
24:28 Husbandry
24:48 Hand Cart
26:41 Bloodlines
27:30 Fletching
31:40 Imperial Age
29:31 Scale Barding Armor
30:47 Forging
30:34 Bodkin Arrow
30:40 Padded Archer Armor
30:42 Pikeman
31:23 Squires
33:15 Light Cavalry
33:17 Elite Skirmisher
34:25 Halberdier
35:41 Bracer
36:17 Iron Casting
47:01 Leather Archer Armor
46:35 Hussar
La Morte Noire
10:59 Feudal Age
15:35 Castle Age
14:50 Wheelbarrow
14:05 Double-Bit Axe
14:35 Horse Collar
16:49 Bow Saw
16:41 Heavy Plow
24:05 Stone Mining
24:18 Gold Mining
29:04 Imperial Age
27:22 Hand Cart
26:53 Loom
28:06 Stone Shaft Mining
27:46 Forging
28:15 Scale Barding Armor
30:14 Bloodlines
30:05 Husbandry
29:41 Elite Leitis
30:42 Conscription
31:02 Iron Casting
32:41 Chain Barding Armor
33:53 Crop Rotation
34:26 Two-Man Saw
34:03 Fletching
34:13 Padded Archer Armor
34:49 Plate Barding Armor
35:20 Chemistry
34:18 Elite Skirmisher
35:12 Thumb Ring
35:13 Bodkin Arrow
36:19 Leather Archer Armor
36:09 Tower Shields
38:21 Bracer
38:52 Ring Archer Armor
Mirza
1:10 Loom
16:53 Feudal Age
21:36 Wheelbarrow
20:58 Town Watch
23:02 Horse Collar
23:15 Gold Mining
24:42 Scale Barding Armor
24:49 Forging
24:41 Padded Archer Armor
24:43 Scale Mail Armor
29:33 Castle Age
30:47 Man-at-Arms
31:39 Double-Bit Axe
31:46 Stone Mining
32:45 Fletching
33:16 Long Swordsman
33:59 Squires
35:55 Chain Mail Armor
36:07 Leather Archer Armor
35:47 Elite Skirmisher
43:47 Gold Shaft Mining
js.paredesm
10:33 Feudal Age
11:00 Double-Bit Axe
10:56 Horse Collar
21:12 Castle Age
18:57 Man-at-Arms
20:40 Scale Barding Armor
21:47 Light Cavalry
22:32 Scale Mail Armor
23:14 Bow Saw
24:18 Stone Mining
26:54 Chain Barding Armor
27:29 Heavy Plow
29:43 Wheelbarrow
29:54 Treadmill Crane
30:56 Loom
33:35 Chain Mail Armor
34:52 Hand Cart
36:20 Town Watch
39:08 Gold Mining
41:42 Gold Shaft Mining
41:25 Caravan
46:16 Imperial Age
43:50 Corvinian Army
45:41 Bloodlines
45:33 Husbandry
47:35 Conscription
48:10 Plate Barding Armor
50:07 Hussar
52:36 Crossbowman
kaiju
10:25 Feudal Age
10:56 Double-Bit Axe
17:00 Castle Age
15:37 Horse Collar
17:36 Wheelbarrow
19:08 Bow Saw
19:13 Gold Mining
20:52 Gold Shaft Mining
21:15 Heavy Plow
23:19 Pikeman
24:20 Forging
24:07 Stone Mining
26:49 Stone Shaft Mining
29:48 Imperial Age
27:38 Hand Cart
28:01 Bloodlines
27:59 Fletching
29:07 Caravan
28:57 Loom
29:40 Thumb Ring
29:48 Cavalier
29:58 Cavalier
30:46 Scale Barding Armor
30:38 Bodkin Arrow
30:43 Padded Archer Armor
31:58 Two-Man Saw
31:45 Crop Rotation
31:14 Town Watch
31:33 Crossbowman
32:29 Kamandaran
33:33 Iron Casting
33:22 Ballistics
33:41 Leather Archer Armor
34:21 Chain Barding Armor
36:01 Elite Skirmisher
36:46 Savar
39:08 Conscription
39:00 Citadels
40:00 Chemistry
39:37 Plate Barding Armor
42:00 Blast Furnace
42:13 Husbandry
42:48 Ring Archer Armor
42:17 Elite War Elephant
44:14 Hoardings
47:10 Masonry
47:06 Town Patrol
49:38 Heavy Camel Rider
Saino Bros
11:37 Feudal Age
13:14 Horse Collar
18:41 Castle Age
16:58 Double-Bit Axe
18:26 Gold Mining
18:30 Stone Mining
21:00 Heavy Plow
22:22 Padded Archer Armor
23:22 Fletching
27:28 Leather Archer Armor
29:10 Bodkin Arrow
31:46 Wheelbarrow
31:52 Gold Shaft Mining
31:31 Forging
31:49 Bow Saw
32:27 Caravan
35:44 Hand Cart
41:49 Imperial Age
41:16 Pikeman
41:57 Squires
41:42 Arson
41:58 Elite Chu Ko Nu
44:37 Halberdier
46:22 Ring Archer Armor
46:02 Bracer
49:59 Capped Ram
52:21 Siege Ram
THE RANDY
10:50 Loom
13:29 Feudal Age
14:11 Double-Bit Axe
20:05 Horse Collar
26:53 Castle Age
25:33 Wheelbarrow
24:46 Town Watch
24:44 Man-at-Arms
25:10 Arson
25:41 Forging
25:31 Scale Mail Armor
27:28 Capped Ram
27:47 Long Swordsman
27:53 Pikeman
36:19 Heavy Plow
36:31 Bow Saw
40:15 Imperial Age
38:03 Hand Cart
41:48 Iron Casting
41:29 Chain Mail Armor
40:47 Two-Handed Swordsman
41:50 Squires
44:18 Crop Rotation
44:39 Onager
47:58 Halberdier
47:58 Champion
51:00 Blast Furnace
50:30 Plate Mail Armor
50:06 Scale Barding Armor
52:03 Chemistry
51:24 Ballistics
54:04 Elite Kipchak
55:05 Conscription
万里独行--田伯光
12:32 Feudal Age
14:06 Loom
16:39 Castle Age
14:26 Double-Bit Axe
14:29 Horse Collar
16:41 Town Watch
28:30 Fletching
29:09 Bodkin Arrow
29:37 Ballistics
29:47 Bow Saw
29:41 Heavy Plow
32:53 Bloodlines
32:44 Husbandry
33:07 Padded Archer Armor
37:11 Imperial Age
35:17 Wheelbarrow
36:33 Hand Cart
37:31 Stone Mining
37:32 Gold Mining
37:41 Murder Holes
37:58 Forging
37:54 Scale Barding Armor
38:59 Chemistry
38:27 Conscription
39:20 Bracer
38:45 Heavy Camel Rider
40:13 Elite Mangudai
41:52 Hoardings
41:48 Leather Archer Armor
42:33 Stone Shaft Mining
42:33 Gold Shaft Mining
42:16 Fortified Wall
42:29 Chain Barding Armor
42:44 Iron Casting
46:14 Blast Furnace
45:08 Light Cavalry
46:23 Siege Engineers
46:29 Masonry
46:21 Caravan
46:53 Coinage
47:01 Hussar
55:53 Scale Mail Armor
55:36 Spies/Treason
Connection lost

Rejoining the realm…

Still unreachable

The connection could not be restored.

Session expired

The server has moved on; the page needs a fresh start.